 Dungeon Crawl Stone Soup version 0.32-a0-42-ga30500b (webtiles) character file.

Game seed: 10616937232658319634

506 Dorkslayer the Ruffian (level 7, 0/45 HPs)
             Began as an Octopode Shapeshifter on Jan 28, 2024.
             Slain by a water moccasin (3 damage)
             ... on level 5 of the Dungeon.
             The game lasted 00:08:29 (1776 turns).

Dorkslayer the Ruffian (Octopode Shapeshifter)      Turns: 1776, Time: 00:08:30

Health: 0/45       AC:  1    Str: 16    XL:     7   Next: 18%
Magic:  7/7        EV: 13    Int: 12    God:
Gold:   173        SH:  0    Dex: 11    Spells: 6/6 levels left

rFire   + . .        k - +6 shortbow of Zut Uso {heavy, rElec rPois rF+ rN++}
rCold   . . .        (shield currently unavailable)
rNeg    + + .        (helmet currently unavailable)
rPois   +            d - amulet of magic regeneration
rElec   +            (no ring)
rCorr   .            (no ring)
SInv    .            (no ring)
Will    .....        (no ring)
Stlth   +++          (no ring)
HPRegen 0.27/turn    (no ring)
MPRegen 0.50/turn    (no ring)
                     (no ring)

%: clarity
@: beast-form
A: beast (slay +2), almost no armour, amphibious, 8 rings, camouflage 1,
gelatinous body 1, (nimble swimmer 1), tentacles, clarity, screaming 1
a: Begin Untransformation


You were on level 5 of the Dungeon.
You were a hulking beast.
You visited 1 branch of the dungeon, and saw 5 of its levels.

You collected 173 gold pieces.

Inventory:

Hand Weapons
 h - a +0 mace
 k - the +6 shortbow of Zut Uso (weapon) {heavy, rElec rPois rF+ rN++}
   (You found it on level 2 of the Dungeon)

   rF+:       It protects you from fire.
   rElec:     It insulates you from electricity.
   rPois:     It protects you from poison rN++: It greatly protects you from
   negative energy.
 l - a +0 flail
Missiles
 f - 3 curare-tipped darts
 n - 6 javelins
Jewellery
 d - an amulet of magic regeneration (around mantle)
 j - a ring of flight
Talismans
 b - a beast talisman
 c - a flux talisman
Scrolls
 e - a scroll of enchant armour {unknown}
 g - a scroll of revelation {unknown}
 i - a scroll of fear {unknown}
 m - a scroll of enchant weapon {unknown}
 p - a scroll of poison {unknown}
 r - a scroll of torment {unknown}
 s - a scroll of teleportation {unknown}
Potions
 a - a potion of lignification
 q - a potion of mutation


   Skills:
 * Level 2.6 Fighting
 * Level 3.2 Ranged Weapons
 + Level 2.9 Dodging
 + Level 3.4 Stealth
 + Level 4.9 Unarmed Combat
 + Level 3.9 Shapeshifting


You had 6 spell levels left.
You didn't know any spells.
Your spell library contained the following spells:

 Spells                   Type           Power      Damage    Failure   Level
 Sting                    Conj/Alch      0%         1d3       32%         1
 Mercury Vapours          Alch/Air       0%         N/A       45%         2
 Dazzling Flash           Conj/Hex       0%         N/A       69%         3
 Volatile Blastmotes      Fire/Tloc      0%         2d10      69%         3
 Olgreb's Toxic Radiance  Alch           0%         N/A       97%         4
 Starburst                Conj/Fire      0%         6d3       100%        6
 Maxwell's Capacitive Co  Air            0%         ∞         100%        8


Dungeon Overview and Level Annotations

Branches:
Dungeon (5/15)
 Temple: D:4-7

Altars:


Innate Abilities, Weirdness & Mutations

You are a hulking beast.
Your limbs bulge with bestial killing power. (Slay +2)
You cannot wear most types of armour.
You are amphibious.
You can wear up to eight rings at the same time.
Your skin changes colour to match your surroundings (Stealth+).
Your rubbery body absorbs attacks. (AC +1, EV +1)
((You are camouflaged when in or above water. (Stealth+)))
You have tentacles for arms and can constrict up to eight enemies at once.
You possess an exceptional clarity of mind.
You occasionally shout uncontrollably at your foes.


Message History

Okay, then.
Fire: k) +6 shortbow of Zut Uso {heavy, rElec rPois rF+ rN++}
Press: ? - help, Q - select action, (/) - cycle Shift-Dir - straight line, f - water moccasin
Aim: a water moccasin (52% to hit)
You shoot an arrow.
The arrow barely misses the water moccasin.
The water moccasin bites you.
* * * LOW HITPOINT WARNING * * *
The orc closely misses you. The water moccasin bites you.
* * * LOW HITPOINT WARNING * * *
The orc hits you with a +0 short sword.
* * * LOW HITPOINT WARNING * * *
Unknown command.
Fire: k) +6 shortbow of Zut Uso {heavy, rElec rPois rF+ rN++}
Press: ? - help, Q - select action, (/) - cycle Shift-Dir - straight line, f - orc, p - water moccasin
Aim: an orc, wielding a +0 short sword (severely wounded, 67% to hit)
You shoot an arrow. The arrow hits the orc!
You kill the orc!
The water moccasin closely misses you. The water moccasin misses you.
The water moccasin completely misses you.
You feel better. The water moccasin closely misses you.
Fire: k) +6 shortbow of Zut Uso {heavy, rElec rPois rF+ rN++}
Press: ? - help, Q - select action, (/) - cycle Shift-Dir - straight line, f - water moccasin
Aim: a water moccasin (52% to hit)
You shoot an arrow.
The arrow barely misses the water moccasin.
The water moccasin bites you.
* * * LOW HITPOINT WARNING * * *
The water moccasin completely misses you.
The water moccasin bites you.
* * * LOW HITPOINT WARNING * * *
Fire: k) +6 shortbow of Zut Uso {heavy, rElec rPois rF+ rN++}
Press: ? - help, Q - select action, (/) - cycle Shift-Dir - straight line, f/p - water moccasin
Aim: a water moccasin (52% to hit)
You shoot an arrow. The arrow hits the water moccasin.
The water moccasin is lightly wounded.
The water moccasin bites you!
* * * LOW HITPOINT WARNING * * *
The water moccasin barely misses you. The water moccasin bites you.
You die...

#.#.# #.#.# #.. #.#.# .. #....
#.#.# . #....# #.#.# .#### #....#
####.#.# ... #....# .....#.# ###
..# #..... ##...#.## ###.###S# #
#..... #.......# #.....h.#.#####
#....≈ #....#.####.#..)..........
#....≈
#>..................######.###.≈≈
#..............................##
#...................######.#.....
#..#...#####.######.# #...#.##
#.............. .# #####.≈≈
#......#####.#################..≈
#...............................≈


You could see a water moccasin.

Vanquished Creatures
  Grinder (D:3)
  Sigmund (D:3)
  An iguana (D:4)
  4 gnolls
  3 adders (D:3)
  2 ribbon worms (D:2)
  4 orcs
  2 bats
  2 endoplasms
  A giant cockroach (D:3)
  4 goblins
  3 hobgoblins
  2 quokkas
  4 ball pythons
  5 frilled lizards
  6 kobolds
  5 rats
50 creatures vanquished.

Notes
Turn   | Place    | Note
-------+----------+-------------------------------------------
     0 | D:1      | Dorkslayer the Octopode Shapeshifter began the quest for
                  | the Orb.
     0 | D:1      | Reached XP level 1. HP: 13/13 MP: 1/1
   270 | D:1      | Reached XP level 2. HP: 18/18 MP: 2/2
   560 | D:1      | Found a faded altar of an unknown god.
   694 | D:1      | Reached XP level 3. HP: 13/23 MP: 3/3
   747 | D:1      | Gained mutation: Your skin blends seamlessly with your
                  | surroundings (Stealth++). [potion of mutation]
   747 | D:1      | Gained mutation: Potions are less effective at restoring
                  | your health. [potion of mutation]
   826 | D:2      | Reached skill level 1 in Stealth
   831 | D:2      | Reached XP level 4. HP: 24/28 MP: 4/4
  1023 | D:2      | Identified the +6 shortbow of Zut Uso {heavy, rElec rPois
                  | rF+ rN++}
  1168 | D:3      | Reached skill level 4 in Unarmed Combat
  1180 | D:3      | Identified the +0 robe "Ippaar" {Slay+2}
  1268 | D:3      | Noticed Sigmund
  1282 | D:3      | Killed Sigmund
  1283 | D:3      | Reached skill level 1 in Ranged Weapons
  1283 | D:3      | Reached XP level 5. HP: 24/34 MP: 5/5
  1283 | D:3      | Reached XP level 6. HP: 27/39 MP: 6/6
  1536 | D:3      | Noticed Grinder
  1541 | D:3      | Paralysed by Grinder for 4 turns
  1550 | D:3      | Paralysed by Grinder for 2 turns
  1551 | D:3      | Killed Grinder
  1552 | D:3      | Reached XP level 7. HP: 40/45 MP: 7/7
  1552 | D:3      | Lost mutation: Your skin blends seamlessly with your
                  | surroundings (Stealth++). [potion of mutation]
  1552 | D:3      | Lost mutation: Potions are less effective at restoring your
                  | health. [potion of mutation]
  1552 | D:3      | Gained mutation: You possess an exceptional clarity of
                  | mind. [potion of mutation]
  1552 | D:3      | Gained mutation: You occasionally shout uncontrollably at
                  | your foes. [potion of mutation]
  1597 | D:3      | You fall into a shaft and drop 2 floors!
  1597 | D:5      | Entered Level 5 of the Dungeon
  1776 | D:5      | Slain by a water moccasin

Illustrated notes

Levels and vault maps discovered:
D:1:      scummos_arrival_hexagon, layout_loops_ring,
          dreamdust_ecumenical_altar_hidden_monk_grotto
D:2:      layout_rooms
D:3:      layout_rooms, uniq_grinder, uniq_sigmund
D:4:      layout_layer_cave, pdpol_wu_jian_five_deadly_venoms,
          gammafunk_ghost_abyssal_escape, serial_shops, shop,
          nicolae_concentric_dashed_squares_mild, uniq_robin
D:5:      layout_basic, minmay_temple_entry_proselytizer, serial_park_tiny_2,
          grunt_decor_junction, hangedman_decor_diamond_cutter

Skill      XL: |  1  2  3  4  5  6  7 |
---------------+----------------------+-----
Stealth        | 1 2 3 |  3.4
Unarmed Combat | 4 |  4.9
Fighting       | 2 |  2.6
Ranged Weapons | 1 2 3 |  3.2
Dodging        | |  2.9
Shapeshifting  | |  3.9

Action                     |  1- 3 |  4- 6 |  7- 9 || total
---------------------------+-------+-------+-------++-------
  Melee: Unarmed           |    56 |    10 |       ||    66
         Tentacles         |    12 |       |       ||    12
         Constrict         |    11 |     2 |       ||    13
         Punch             |     3 |       |       ||     3
   Fire: Shortbow          |       |    22 |    18 ||    40
    Use: Scroll            |     2 |     2 |       ||     4
         Potion            |     2 |       |     2 ||     4
   Stab: Sleeping          |     4 |     1 |       ||     5
 Armour: Skin              |    16 |    11 |    21 ||    48
  Dodge: Dodged            |    40 |    14 |    17 ||    71

Table legend: (Time is in decaauts)
 A = Elapsed time spent in this place.
 B = Non-inter-level travel time spent in this place.
 C = Inter-level travel time spent in this place.
 D = Time resting spent in this place.
 E = Time spent auto-exploring this place.
 F = Levels seen in this place.
 G = Mean time per level.
                   A        B        C        D        E       F      G
               +--------+--------+--------+--------+--------+-----+--------+
         Total |   1810 |   1810 |      0 |    110 |    682 |   5 |  362.0 |
       Dungeon |   1810 |   1810 |      0 |    110 |    682 |   5 |  362.0 |
               +--------+--------+--------+--------+--------+-----+--------+

Top non-repeatable levels by time:
     D:1: 748 daAuts
     D:3: 504 daAuts
     D:2: 365 daAuts
     D:5: 169 daAuts
     D:4: 22 daAuts
